Description

Agressive BC build. Maru uses his factory to create non stop hellions. hes poking early w about 6 marines a medivac and hellion. behind this he builds a BC and warps it to the said poke. He builds a 3rd CC n walls the natural with it.

Replay - Maru v Reynor: Game 1 - 2000 Atmospheres LE

Build Order

Get SALT Encoding   

  12  0:00  SCV  
  13  0:12  SCV  
  14  0:17  Supply Depot  
  14  0:24  SCV  
  15  0:38  SCV  
  15  0:39  Barracks  
  16  0:42  Refinery  
  16  0:50  SCV  
  17  1:02  SCV  
  18  1:14  SCV  
  19  1:26  Marine  
  19  1:27  Orbital Command  
  20  1:37  Command Center  
  20  1:48  Factory  
  20  1:52  SCV  
  21  2:01  Barracks Reactor  
  21  2:04  SCV  
  22  2:08  Supply Depot  
  22  2:10  Refinery  
  22  2:16  SCV  
  23  2:30  SCV  
  23  2:37  Hellion, Starport  
  24  2:38  Marine x2  
  24  2:42  SCV  
  29  2:50  Orbital Command  
  29  2:54  SCV  
  29  2:56  Marine x2  
  32  2:59  Hellion  
  34  3:06  SCV  
  35  3:13  Marine x2, Medivac  
  35  3:16  SCV  
  35  3:19  Supply Depot  
  40  3:22  SCV  
  41  3:27  Fusion Core  
  41  3:31  SCV  
  42  3:37  SCV  
  43  3:44  Hellion x2  
  43  3:46  Starport Tech Lab  
  43  3:48  SCV  
  48  3:53  SCV, Supply Depot  
  49  4:00  SCV  
  50  4:05  SCV, Hellion  
  53  4:12  SCV, Command Center  
  54  4:20  SCV  
  55  4:28  Battlecruiser  
  61  4:32  SCV  
  62  4:40  Supply Depot  
  62  4:43  SCV  
  61  4:46  Hellion  
  62  4:53  SCV x2  
  62  4:59  Refinery x2, Hellion  
  62  5:02  Supply Depot  
  62  5:05  SCV x2  
  63  5:07  Hellion  
  66  5:15  Marine  
  66  5:17  SCV x2  
  69  5:22  Factory x2  
  69  5:24  Orbital Command  
  71  5:28  Hellion x2  
  71  5:29  SCV x2  
  75  5:41  SCV x2  
  82  5:49  Supply Depot  
Spawning Tool Build Advisor. Get it on Overwolf

Go to:

Details

  • Created by: lucahecker
  • Published on: Feb 27, 2022
  • Modified on: Feb 27, 2022
  • Patch: 4.11.0
  • Difficulty: Hard
Show
View Real Time Build Order
Export as new Build Order

Comments (0)

There are no comments. Be the first!

Create an account to comment!